 Dungeon Crawl Stone Soup version 0.29-a0-284-gf9362112df (webtiles) character file.

Game seed: 1407535309528053117

48 sammy202020 the Skirmisher (level 3, -5/24 HPs)
             Began as a Gargoyle Berserker on Mar 16, 2022.
             Was a Follower of Trog.
             Killed by divine providence
             ... invoked by an orc priest
              (9 damage)
             ... on level 2 of the Dungeon.
             The game lasted 00:01:50 (1362 turns).

sammy202020 the Skirmisher (Gargoyle Berserker)     Turns: 1362, Time: 00:01:51

Health: -5/24      AC: 15    Str: 20    XL:     3   Next: 72%
Magic:  3/3        EV:  6    Int:  9    God:    Trog [*.....]
Gold:   34         SH:  0    Dex:  9    Spells: 2/2 levels left

rFire   . . .      SeeInvis .   a - +0 mace
rCold   . . .      Faith    .   (no shield)
rNeg    + . .      Spirit   .   g - +0 plate armour
rPois   ∞          Reflect  .   (no helmet)
rElec   +          Harm     .   (no cloak)
rCorr   +          Rampage  .   d - +0 pair of gloves
Will    +++..                   (no boots)
Stlth   ..........              (no amulet)
HPRegen 1.08/turn               c - ring of willpower
MPRegen 0.08/turn               i - ring of resist corrosion

@: strong-willed, regenerating
A: sickness immunity, AC +3, negative energy resistance 1, electricity
resistance, torment resistance 1, petrification resistance
a: Renounce Religion, Berserk


You were on level 2 of the Dungeon.
You worshipped Trog.
Trog was aware of your devotion.
You visited 1 branch of the dungeon, and saw 2 of its levels.

You collected 34 gold pieces.

Inventory:

Hand Weapons
 a - a +0 mace (weapon)
Armour
 d - a +0 pair of gloves (worn)
 g - a +0 plate armour (worn)
Jewellery
 c - a ring of willpower (left hand)
 i - a ring of resist corrosion (right hand)
Scrolls
 b - a scroll of teleportation {unknown}
 e - 2 scrolls of identify {unknown}
 h - a scroll of blinking {unknown}
 k - a scroll of brand weapon {unknown}
 l - a scroll of immolation {unknown}
Potions
 f - a potion of lignification {unknown}
 j - 2 potions of curing {unknown}


   Skills:
 * Level 3.9 Fighting
 * Level 3.5 Maces & Flails
 * Level 2.9 Armour
 + Level 1.8 Dodging


You had 2 spell levels left.
You didn't know any spells.
Your spell library was empty.

Dungeon Overview and Level Annotations

Branches:
Dungeon (2/15)

Altars:
The Shining One


Innate Abilities, Weirdness & Mutations

You are immune to sickness and miasma.
Your stone body is resilient. (AC +3)
You are immune to poison.
You resist negative energy. (rN+)
You are resistant to electric shocks. (rElec)
You are resistant to unholy torment.
You are immune to petrification.


Message History

You hit the orc but do no damage. The orc hits you but does no damage.
You hit the orc.
The orc is heavily wounded.
The orc hits you with a +2 mace of venom.
You thump the orc!
You kill the orc!
Trog accepts your kill.
You can now call upon Trog for regeneration and willpower.
You hit the orc.
The orc is severely wounded.
The orc hits you but does no damage.
The orc priest mumbles some strange prayers to Beogh against you.
Beogh smites you!
You barely miss the orc.
The orc is severely wounded.
The orc hits you but does no damage. The orc barely misses you.
You closely miss the orc.
The orc is severely wounded.
The orc hits you but does no damage.
You barely miss the orc.
The orc is heavily wounded.
The orc hits you but does no damage.
You hit the orc.
You kill the orc!
Trog accepts your kill.
You hit the orc priest but do no damage.
The orc priest hits you but does no damage.
You sock the orc priest!
The orc priest is heavily wounded.
The orc priest hits you but does no damage.
The orc priest calls down the wrath of Beogh upon you.
Beogh smites you!
Ouch! That really hurt!
* * * LOW HITPOINT WARNING * * *
Your skin crawls.
You feel strong-willed.
You can no longer call upon Trog for regeneration and willpower.
The orc priest calls down the wrath of Beogh upon you.
Beogh smites you!
You die...

........# ....##..# .....
..... ..........#.##
....._..#.....
........#####. . ........#
#. ...
..[...#.#####.#####..<..
......#.........@ooS....
........#####..####g....
......# ##..# ... ......##
##.# # .......# #.#
.......########.########
................##.....##
........................##
.........................#


You could see an orc priest, an orc, a hobgoblin and a ball python.

Vanquished Creatures
  An adder (D:2)
  A worm (D:2)
  2 orcs (D:2)
  4 endoplasms
  2 goblins (D:1)
  2 hobgoblins
  2 jackals (D:2)
  3 kobolds (D:2)
  2 quokkas (D:1)
  5 ball pythons
  4 bats
  3 frilled lizards
  A rat (D:1)
32 creatures vanquished.

Notes
Turn   | Place    | Note
-------+----------+-------------------------------------------
     0 | D:1      | sammy202020 the Gargoyle Berserker began the quest for the
                  | Orb.
     0 | D:1      | Reached XP level 1. HP: 14/14 MP: 1/1
   265 | D:1      | Reached XP level 2. HP: 19/19 MP: 2/2
   919 | D:2      | Reached XP level 3. HP: 13/24 MP: 3/3
   967 | D:2      | Found a glowing golden altar of the Shining One.
  1354 | D:2      | Reached ** piety under Trog
  1362 | D:2      | Killed from afar by an orc priest

Illustrated notes

Levels and vault maps discovered:
D:1:      amcnicky_arrival_single_pillar, layout_basic
D:2:      layout_rooms, basic_altar

Action                   || total
-------------------------++-------
Melee: Mace              ||   110
Invok: Trog's Hand       ||     1
Armor: Animal skin       ||    26
       Plate armour      ||    80
Dodge: Dodged            ||    88

Table legend: (Time is in decaauts)
 A = Elapsed time spent in this place.
 B = Non-inter-level travel time spent in this place.
 C = Inter-level travel time spent in this place.
 D = Time resting spent in this place.
 E = Time spent auto-exploring this place.
 F = Levels seen in this place.
 G = Mean time per level.
                   A        B        C        D        E       F      G
               +--------+--------+--------+--------+--------+-----+--------+
         Total |   1387 |   1347 |     40 |      0 |   1040 |   2 |  693.5 |
       Dungeon |   1387 |   1347 |     40 |      0 |   1040 |   2 |  693.5 |
               +--------+--------+--------+--------+--------+-----+--------+

Top non-repeatable levels by time:
     D:1: 824 daAuts
     D:2: 562 daAuts
